 Dungeon Crawl Stone Soup version 0.31-a0-750-gfe7b580527 (webtiles) character file.

Game seed: 12521220740817933116

24417 Newt the Fighter (level 12, 0/95 HPs)
             Began as a Demonspawn Gladiator on Sept 14, 2023.
             Was an Elder of Makhleb.
             Constricted to death by Jorgrun (3 damage)
             ... while petrified by Jorgrun
             ... on level 13 of the Dungeon.
             The game lasted 00:20:23 (12983 turns).

Newt the Fighter (Demonspawn Gladiator)            Turns: 12983, Time: 00:20:23

Health: 0/95       AC: 12    Str: 18    XL:     12   Next: 80%
Magic:  9/31       EV: -1    Int: 11    God:    Makhleb [****..]
Gold:   795        SH:  0    Dex: 20    Spells: 17/25 levels left

rFire   . . .        a - +2 rapier (spect)
rCold   . . .        (no shield)
rNeg    + + +        X - +3 troll leather armour
rPois   ∞            c - +1 helmet
rElec   .            N - +0 cloak
rCorr   +            (no gloves)
SInv    .            (no boots)
Will    .....        o - amulet of Pyvapef {Reflect rCorr SH+5}
Stlth   ++++         Z - ring "Ablust" {*Slow MP+9 Str+3 Int+2 Stlth+}
HPRegen 1.15/turn    Q - +4 ring of slaying
MPRegen 0.22/turn

%: slow self (1%), reflection
@: petrified, grasped by roots, constricted
A: hooves 1, slimy green scales 2, demonic magic 3
a: Renounce Religion, Minor Destruction, Lesser Servant of Makhleb, Major
Destruction


You were on level 13 of the Dungeon.
You worshipped Makhleb.
Makhleb was greatly pleased with you.
You visited 2 branches of the dungeon, and saw 14 of its levels.
You also visited: Bailey.

You collected 795 gold pieces.

Inventory:

Hand Weapons
 a - a +2 spectral rapier (weapon)
Missiles
 d - 4 throwing nets
 p - 3 javelins
 u - 7 boomerangs
 K - 20 poisoned darts
Armour
 c - a +1 helmet (worn)
 t - +0 swamp dragon scales
 N - a +0 cloak (worn)
 X - a +3 troll leather armour (worn)
Jewellery
 b - a ring of protection from cold
 f - a ring of wizardry
 o - the amulet of Pyvapef (around neck) {Reflect rCorr SH+5}
   (You acquired it on level 7 of the Dungeon)

   [amulet of reflection]

   Reflect:   It reflects blocked missile attacks.
   rCorr:     It protects you from acid and corrosion.
   SH+5:      It affects your SH (+5).
 q - a +5 ring of evasion
 C - an amulet of faith
 Q - a +4 ring of slaying (right hand)
 R - a ring of protection from cold
 S - a ring of resist corrosion
 U - a ring of flight
 Z - the ring "Ablust" (left hand) {*Slow MP+9 Str+3 Int+2 Stlth+}
   (You found it on level 9 of the Dungeon)

   [ring of magical power]

   Str+3:     It affects your strength (+3).
   Int+2:     It affects your intelligence (+2).
   MP+9:      It affects your magic capacity (+9).
   *Slow:     It may slow you when you take damage.
   Stlth+:    It makes you more stealthy.
Wands
 l - a wand of polymorph (5)
 s - a wand of light (8)
 M - a wand of iceblast (12)
 Y - a wand of charming (8)
Scrolls
 e - 2 scrolls of blinking {unknown}
 h - 2 scrolls of fear {unknown}
 y - 2 scrolls of amnesia
 B - a scroll of brand weapon
 D - a scroll of teleportation
 E - a scroll of identify
 F - a scroll of noise {unknown}
 G - 3 scrolls of vulnerability
 H - a scroll of revelation {unknown}
 J - 4 scrolls of poison {unknown}
 L - a scroll of fog
 O - a scroll of silence
 W - 2 scrolls of immolation
Potions
 g - a potion of degeneration
 i - 2 potions of heal wounds
 j - 3 potions of attraction
 k - 5 potions of curing
 m - 3 potions of haste
 n - 2 potions of ambrosia
 r - a potion of might
 v - 5 potions of resistance
 w - 2 potions of mutation
 x - 2 potions of brilliance {unknown}
 z - 2 potions of invisibility {unknown}
 A - a potion of cancellation {unknown}
 I - 5 potions of lignification {unknown}
 P - 2 potions of enlightenment {unknown}
 T - a potion of magic {unknown}
 V - a potion of berserk rage {unknown}


   Skills:
 - Level 9.0 Fighting
 - Level 7.0(8.6) Short Blades
 - Level 7.7(9.0) Long Blades
 - Level 5.0 Throwing
 - Level 3.0 Armour
 - Level 5.0 Dodging
 - Level 4.0 Stealth
 + Level 7.1 Spellcasting
 - Level 8.6 Necromancy
 - Level 7.5 Transmutations
 - Level 4.0 Evocations


You had 17 spell levels left.
You knew the following spells:

 Your Spells              Type           Power      Damage    Failure   Level
a - Necrotise             Necr           88%        1d8       1%          1
b - Vampiric Draining     Necr           22%        2d7       1%          3
c - Sublimation of Blood  Necr           22%        N/A       1%          2
d - Wereblood             Tmut           20%        N/A       1%          2

Your spell library contained the following spells:

 Spells                   Type           Power      Damage    Failure   Level
 Cigotuvi's Dreadful Rot  Necr/Pois/Air  20%        N/A       10%         2
 Agony                    Necr           22%        N/A       16%         5
 Ignite Poison            Fire/Tmut/Pois 9%         N/A       22%         3
 Call Canine Familiar     Summ           3%         N/A       52%         3
 Sigil of Binding         Hex            3%         N/A       52%         3
 Tukima's Dance           Hex            3%         N/A       52%         3
 Dimensional Bullseye     Hex/Tloc       1%         N/A       90%         4
 Iskenderun's Mystic Bla  Conj/Tloc      3%         2d3       90%         4
 Leda's Liquefaction      Hex/Erth       1%         N/A       90%         4
 Freezing Cloud           Conj/Ice/Air   1%         6-21      99%         5
 Summon Hydra             Summ           1%         N/A       100%        7


Dungeon Overview and Level Annotations

Branches:
Dungeon (13/15)            Temple (1/1) D:5            Lair (0/5) D:9
    Orc (0/2) D:12         Vaults (0/5) D:13         Bailey (visited)

Altars:
Ashenzari
Cheibriados
Dithmenos
Fedhas
Gozag
Hepliaklqana
Kikubaaqudgha
Makhleb
Nemelex Xobeh
Okawaru
Qazlal
Ru
Sif Muna
Trog
Uskayaw
Vehumet
Wu Jian
Xom
Yredelemnul

Shops:
D:4 (   D:9 *

Annotations:
D:8 4 transporters
D:9 1 transporter
D:13 Jorgrun


Innate Abilities, Weirdness & Mutations

You have large cloven feet.
You are mostly covered in slimy green scales. (AC +3)
Spells you cast and wands you use may paralyse nearby enemies.


Message History

The grasping roots grab you! The grasping roots constrict you.
Unknown command.
You draw life force from Jorgrun.
You feel life coursing into your body. Malevolent energies surge around you.
Jorgrun hits you but does no damage. The grasping roots constrict you!
Unknown command.
Unknown command.
Aiming: Vampiric Draining (safe; 1% risk of failure)
Press: ? - help, Q - select action, (/) - cycle Shift-Dir - straight line, f/p - Jorgrun
Aim: Jorgrun, wielding a staff of earth and wearing a +1 robe of positive energy (severely wounded)
You draw life force from Jorgrun.
You feel life coursing into your body. Malevolent energies surge around you.
Jorgrun gestures at you while chanting.
You are slowing down.
The grasping roots constrict you.
Unknown command.
Unknown command.
Aiming: Vampiric Draining (safe; 1% risk of failure)
Press: ? - help, Q - select action, (/) - cycle Shift-Dir - straight line, f/p - Jorgrun
Aim: Jorgrun, wielding a staff of earth and wearing a +1 robe of positive energy (severely wounded)
You draw life force from Jorgrun.
You feel life coursing into your body. Malevolent energies surge around you.
You block Jorgrun's attack. The grasping roots constrict you.
Jorgrun casts a spell at you. The entropic shot hits you!!!
The grasping roots constrict you!
Your limbs are stiffening.
Aiming: Vampiric Draining (safe; 1% risk of failure)
Press: ? - help, Q - select action, (/) - cycle Shift-Dir - straight line, f/p - Jorgrun
Aim: Jorgrun, wielding a staff of earth and wearing a +1 robe of positive energy (severely wounded)
You draw life force from Jorgrun.
You feel life coursing into your body. Malevolent energies surge around you.
Jorgrun hits you with a staff of earth! The grasping roots constrict you!
* * * LOW HITPOINT WARNING * * *
You have turned to stone.
Jorgrun gestures at you while chanting. The entropic shot hits you!!!
* * * LOW HITPOINT WARNING * * *
The grasping roots constrict you.
You die...

#####.#.###^##...#
.....###.##.##.#.#
#####.#.###.##.#.#
# ####.####......#
###.......####.###
..#..[....# #.###
#.#.......# #...#
#.........# ###.#
..........# #@#
#.........# #g#
#.......>.# #.#
..[#..###.# #.#
####..# .# #.#
####..# ..#
......# ### ....#.
###.#


You could see Jorgrun.

Vanquished Creatures
  Erolcha (D:12)
  A hydra (D:13)
  A boulder beetle (D:12)
  A tengu warrior (D:13)
  5 two-headed ogres
  The ghost of soul19 the Insei, a novice GnSh (D:7)
  A deep elf pyromancer (D:13)
  An ugly thing (D:9)
  4 cyclopes
  4 gargoyles
  Maggie (D:7)
  2 hornets
  Prince Ribbit (D:6)
  3 meliai (D:13)
  Grinder (D:6)
  3 trolls
  A vampire (D:11)
  13 slime creatures (D:12)
  A wyvern (D:9)
  11 humans (D:13)
  A shadow (D:12)
  7 wraiths
  10 yaks
  A hog (shapeshifter) (D:13)
  3 steam dragons
  2 basilisks
  4 vampire mosquitoes (D:11)
  Menkaure (D:7)
  3 acid dragons
  Duvessa (D:6)
  9 orc warriors
  A water moccasin (D:8)
  2 ice beasts
  A sky beast (D:4)
  5 centaurs
  2 ogres
  3 kobold brigands
  3 scorpions
  7 bullfrogs
  2 gnoll sergeants (D:9)
  A wight (D:9)
  Dowan (D:6)
  4 killer bees (D:9)
  5 howler monkeys
  An electric eel (D:7)
  6 orc priests
  A hound (D:7)
  5 sleepcaps
  Crazy Yiuf (D:5)
  5 iguanas
  12 orc wizards
  2 adders
  22 gnolls
  A shadow imp (D:4)
  2 white imps
  An ufetubus (D:5)
  A worm (D:3)
  2 dart slugs
  62 orcs
  A bat (D:2)
  3 giant cockroaches
  2 hobgoblins
  3 jackals
  9 kobolds
  A quokka (D:1)
  5 ball pythons
  4 frilled lizards
  6 goblins
  7 rats
301 creatures vanquished.

Vanquished Creatures (others)
  A human (D:13)
  2 spectral weapons
3 creatures vanquished.

Grand Total: 304 creatures vanquished

Notes
Turn   | Place    | Note
-------+----------+-------------------------------------------
     0 | D:1      | Newt the Demonspawn Gladiator began the quest for the Orb.
     0 | D:1      | Reached XP level 1. HP: 16/16 MP: 1/1
   770 | D:1      | Gained mutation: Spells you cast may paralyse adjacent
                  | enemies. [demonic ancestry]
   770 | D:1      | Reached XP level 2. HP: 9/23 MP: 2/2
   974 | D:2      | Reached skill level 3 in Fighting
  1413 | D:3      | Found a shadowy altar of Dithmenos.
  1418 | D:3      | Reached XP level 3. HP: 27/29 MP: 3/3
  1549 | D:3      | Found a bloodstained altar of Trog.
  1636 | D:3      | You fall into a shaft and drop 3 floors!
  1641 | D:6      | Noticed Prince Ribbit
  1646 | D:6      | Noticed a scorpion
  1648 | D:6      | Noticed an ice beast
  1660 | D:6      | Killed a scorpion
  1661 | D:6      | Reached skill level 5 in Fighting
  1661 | D:6      | Gained mutation: You have large cloven feet. [demonic
                  | ancestry]
  1661 | D:6      | Reached XP level 4. HP: 18/39 MP: 4/4
  1661 | D:6      | Gained mutation: Spells you cast may paralyse nearby
                  | enemies. [demonic ancestry]
  1661 | D:6      | Reached XP level 5. HP: 20/44 MP: 5/5
  1672 | D:6      | Killed Prince Ribbit
  1673 | D:6      | Gained mutation: You are partially covered in slimy green
                  | scales. (AC +2) [demonic ancestry]
  1673 | D:6      | Reached XP level 6. HP: 27/51 MP: 6/6
  1697 | D:6      | Killed an ice beast
  1962 | D:6      | Reached XP level 7. HP: 56/56 MP: 7/7
  1989 | D:6      | Noticed Grinder
  2076 | D:6      | Noticed Duvessa
  2077 | D:6      | Noticed Dowan
  2087 | D:7      | Identified a scroll of acquirement
  2087 | D:7      | Acquired the amulet of Pyvapef {Reflect rCorr SH+5}
  2251 | D:7      | Found an opulent altar of Gozag.
  2289 | D:7      | Found a runed translucent door.
  2289 | D:7      | Noticed soul19's ghost (novice GnSh)
  2289 | D:7      | Noticed Maggie
  2304 | D:7      | Killed Maggie
  2305 | D:7      | Reached skill level 5 in Throwing
  2350 | D:7      | Found a flagged portal.
  2462 | Bailey   | Entered a bailey
  2474 | Bailey   | Reached skill level 1 in Armour
  2474 | Bailey   | Gained mutation: You are mostly covered in slimy green
                  | scales. (AC +3) [demonic ancestry]
  2474 | Bailey   | Reached XP level 8. HP: 62/62 MP: 8/8
  3533 | D:7      | Noticed Menkaure
  3537 | D:7      | Killed Menkaure
  3584 | D:7      | Reached skill level 5 in Dodging
  3584 | D:7      | Reached skill level 1 in Evocations
  3827 | D:6      | Killed Duvessa
  3829 | D:6      | Killed Dowan
  4163 | D:6      | Killed Grinder
  4164 | D:6      | Gained mutation: Spells you cast and wands you use may
                  | paralyse nearby enemies. [demonic ancestry]
  4164 | D:6      | Reached XP level 9. HP: 60/68 MP: 9/9
  4400 | D:5      | Entered Level 5 of the Dungeon
  4718 | D:5      | Found a hide-covered altar of Uskayaw.
  4721 | D:5      | Found an iron altar of Okawaru.
  4724 | D:5      | Found an ancient bone altar of Kikubaaqudgha.
  4764 | D:5      | Found a basalt altar of Yredelemnul.
  4795 | D:5      | Reached skill level 5 in Long Blades
  4823 | D:5      | Found a staircase to the Ecumenical Temple.
  4844 | Temple   | Entered the Ecumenical Temple
  4853 | Temple   | Became a worshipper of Makhleb the Destroyer
  4971 | D:5      | Found a sacrificial altar of Ru.
  5058 | D:5      | Found a runed translucent door.
  5059 | D:5      | Noticed Crazy Yiuf
  5459 | D:5      | Killed Crazy Yiuf
  5748 | D:4      | Found Qeguomn's Weapon Shop.
  5748 | D:4      | Noticed a +0 great mace
  5749 | D:4      | Noticed a +0 great mace
  6664 | D:7      | Killed soul19's ghost
  6803 | D:8      | Reached skill level 1 in Spellcasting
  6803 | D:8      | Reached skill level 1 in Necromancy
  6806 | D:8      | Reached * piety under Makhleb
  6822 | D:8      | Found a transporter.
  6826 | D:8      | Found a transporter.
  6847 | D:8      | Found a transporter.
  7201 | D:8      | Reached XP level 10. HP: 72/74 MP: 13/13
  7204 | D:8      | Learned a level 1 spell: Necrotise
  7469 | D:8      | Found a transporter.
  7965 | D:9      | Reached ** piety under Makhleb
  8007 | D:9      | Found Zuckamp's Mail-Order Catalogue.
  8009 | D:9      | Found a staircase to the Lair.
  8011 | D:9      | Found a stormy altar of Qazlal.
  8121 | D:9      | Reached skill level 5 in Necromancy
  8277 | D:9      | Learned a level 3 spell: Vampiric Draining
  8468 | D:9      | Reached skill level 5 in Spellcasting
  8812 | D:9      | Found a sparkling altar of Nemelex Xobeh.
  8812 | D:9      | Found a transporter.
  8812 | D:9      | Noticed a four-headed hydra
  8813 | D:9      | Noticed a five-headed hydra
  8841 | D:9      | Noticed a cyclops
  8847 | D:9      | Killed a cyclops
  8870 | D:9      | Noticed a cyclops
  8871 | D:9      | Noticed a purple ugly thing
  8876 | D:9      | Killed a purple ugly thing
  8877 | D:9      | Reached XP level 11. HP: 64/79 MP: 16/20
  8879 | D:9      | Reached *** piety under Makhleb
  8898 | D:9      | Identified the amulet of the Peasants {Spirit rPois rF+}
  8905 | D:9      | Noticed a two-headed ogre
  8908 | D:9      | Killed a two-headed ogre
  8915 | D:9      | Identified the ring "Ablust" {*Slow MP+9 Str+3 Int+2
                  | Stlth+}
  8966 | D:9      | Noticed a two-headed ogre
  8983 | D:9      | Killed a two-headed ogre
  9132 | D:9      | Found a blossoming altar of Fedhas.
  9418 | D:10     | Entered Level 10 of the Dungeon
  9459 | D:10     | Learned a level 2 spell: Sublimation of Blood
  9506 | D:10     | Noticed a two-headed ogre
  9511 | D:10     | Killed a two-headed ogre
  9512 | D:10     | Reached skill level 6 in Fighting
  9602 | D:10     | Noticed a two-headed ogre
  9608 | D:10     | Killed a two-headed ogre
  9612 | D:10     | Reached skill level 7 in Fighting
  9950 | D:10     | Reached skill level 8 in Fighting
 10251 | D:11     | Noticed a two-headed ogre
 10257 | D:11     | Killed a two-headed ogre
 10258 | D:11     | Reached skill level 9 in Fighting
 11003 | D:12     | Learned a level 2 spell: Wereblood
 11023 | D:12     | Reached **** piety under Makhleb
 11029 | D:12     | Reached skill level 5 in Short Blades
 11029 | D:12     | Reached XP level 12. HP: 95/95 MP: 11/22
 11138 | D:12     | Found a staircase to the Orcish Mines.
 11227 | D:12     | Noticed Erolcha
 11263 | D:12     | Killed Erolcha
 11363 | D:12     | Noticed a boulder beetle
 11371 | D:12     | Killed a boulder beetle
 11615 | D:12     | Reached skill level 1 in Transmutations
 12081 | D:13     | Reached skill level 5 in Transmutations
 12223 | D:13     | Found a gate to the Vaults.
 12450 | D:13     | Noticed a four-headed hydra
 12457 | D:13     | Killed a four-headed hydra
 12457 | D:13     | Reached ***** piety under Makhleb
 12736 | D:13     | Noticed a tengu warrior
 12742 | D:13     | Killed a tengu warrior
 12971 | D:13     | Noticed Jorgrun
 12983 | D:13     | HP: 3/95 [Jorgrun/entropic shot (18)]
 12983 | D:13     | Constricted to death by Jorgrun

Illustrated notes

Levels and vault maps discovered:
D:1:      saegor_arrival_simple_d, layout_basic
D:2:      layout_rooms, nicolae_concentric_dashed_squares_wild,
          minmay_tiny_reverse_x
D:3:      layout_basic, mainiacjoe_overflow_tiny_flanked,
          trog_three_pillars_becter, mainiacjoe_overflow_brackets
D:4:      layout_basic, serial_shops, nicolae_shop_mannequins,
          nrook_mini_vaults, minmay_cupped
D:5:      cheibrodos_helix_gallery, layout_basic, general_overflow_altar,
          grunt_temple_overflow_cloverleaf, minmay_temple_entry_junction,
          chequers_big_river, hangedman_abyss_or_decor_stagger,
          uniq_crazy_yiuf_cottage
D:6:      layout_basic, uniq_duvessa, uniq_prince_ribbit1, uniq_grinder
D:7:      statuecave_lemuel, layout_loops_cross, kennysheep_mini,
          ebering_ghost_reflecting_pool, enter_bailey_3, uniq_maggie,
          uniq_menkaure
D:8:      layout_loops_ring, special_room [special_room_orc],
          minmay_misc_feat_cross, nicolae_diode_quadrants
D:9:      minmay_the_grid_plus [minmay_the_grid_aliased_spiral,
          minmay_the_grid_x, minmay_the_grid_garden,
          minmay_the_grid_minigrid_small_alt,
          minmay_the_grid_prize_four_corners_diamond_a], layout_loops_ring,
          grunt_qazlal_clouds, grunt_nemelex_the_gamble, fedhas_ov_isle_minmay,
          serial_rivers, chequers_serial_rivers_small_b,
          chequers_serial_rivers_micro_e, chequers_serial_rivers_room_b,
          chequers_serial_rivers_marsh, chequers_serial_rivers_small_b,
          monkooky_shop_mail_order
D:10:     layout_loops_ring
D:11:     layout_roguey
D:12:     layout_cave_pools, david_orc_3, uniq_erolcha
D:13:     layout_loops_cross, ximxim_vaults_locker_room, uniq_jorgrun
Temple:   hellmonk_temple_flake

Skill      XL: |  1  2  3  4  5  6  7  8  9 10 11 12 |
---------------+-------------------------------------+-----
Fighting       | 3 5 9 |  9.0
Stealth        | 2 4 |  4.0
Throwing       | 2 4 5 |  5.0
Long Blades    | 3 4 7 |  7.7
Armour         | 1 3 |  3.0
Dodging        | 5 |  5.0
Evocations     | 4 |  4.0
Spellcasting   | 2 6 7 |  7.1
Necromancy     | 3 7 8 |  8.6
Short Blades   | 5 7 |  7.0
Transmutations | 7 |  7.5

Action                     |  1- 3 |  4- 6 |  7- 9 | 10-12 || total
---------------------------+-------+-------+-------+-------++-------
  Melee: Rapier            |    69 |    15 |   337 |   391 ||   812
         Kick              |       |     3 |   117 |   138 ||   258
         Punch             |       |       |     4 |     7 ||    11
  Throw: Throwing net      |     2 |       |     2 |     1 ||     5
         Javelin           |     1 |       |       |       ||     1
         Boomerang         |       |     6 |     9 |       ||    15
   Cast: Necrotise         |       |       |       |    26 ||    26
         Vampiric Draining |       |       |       |    80 ||    80
         Wereblood         |       |       |       |     4 ||     4
  Evoke: Wand              |       |       |     4 |     3 ||     7
    Use: Scroll            |    11 |       |     7 |     5 ||    23
         Potion            |       |       |     4 |     2 ||     6
   Stab: Held in net/web   |       |       |     2 |       ||     2
         Sleeping          |       |       |    17 |    13 ||    30
         Distracted        |       |       |     6 |     1 ||     7
         Paralysed         |       |       |     2 |    71 ||    73
 Armour: Leather armour    |    43 |     4 |   122 |    63 ||   232
         Troll leather arm |       |       |       |   196 ||   196
  Dodge: Dodged            |    52 |     7 |   198 |   254 ||   511
  Block: Other             |       |       |    72 |    94 ||   166
         Reflection        |       |       |     1 |     2 ||     3

Table legend: (Time is in decaauts)
 A = Elapsed time spent in this place.
 B = Non-inter-level travel time spent in this place.
 C = Inter-level travel time spent in this place.
 D = Time resting spent in this place.
 E = Time spent auto-exploring this place.
 F = Levels seen in this place.
 G = Mean time per level.
                   A        B        C        D        E       F      G
               +--------+--------+--------+--------+--------+-----+--------+
         Total |  13012 |  12573 |    439 |   2001 |   8471 |  15 |  867.5 |
       Dungeon |  12367 |  11945 |    422 |   1796 |   8194 |  13 |  951.3 |
        Temple |     18 |      1 |     17 |      0 |      0 |   1 |   18.0 |
        Bailey |    625 |    625 |      0 |    205 |    277 |   1 |  625.0 |
               +--------+--------+--------+--------+--------+-----+--------+

Top non-repeatable levels by time:
     D:7: 1592 daAuts
     D:9: 1467 daAuts
     D:5: 1250 daAuts
     D:8: 1152 daAuts
     D:6: 1057 daAuts
    D:13: 1056 daAuts
    D:12: 931 daAuts
     D:1: 922 daAuts
    D:11: 869 daAuts
    D:10: 724 daAuts
     D:4: 625 daAuts
  Bailey: 625 daAuts
     D:2: 469 daAuts
     D:3: 248 daAuts
  Temple: 18 daAuts
